 Dungeon Sprint DCSS version 0.17-a0-2215-g49c1de0 (webtiles) character file.

29172 Kidiri the Unseen (level 12, -15/62 HPs)
             Began as a Spriggan Enchanter on Oct 27, 2015.
             Was the Champion of Dithmenos.
             Demolished by Rupert
             ... wielding a +4 great sword of protection
              (38 damage)
             ... in the Dungeon (Sprint III: "The Ten Rune Challenge").
             The game lasted 00:13:48 (3028 turns).

Kidiri the Unseen (Spriggan Enchanter)              Turns: 3028, Time: 00:13:48

Health: -15/62     AC:  3    Str:  4    XL:     12   Next: 7%
Magic:  0/30       EV: 32    Int: 19    God:    Dithmenos [******]
Gold:   32         SH:  0    Dex: 19    Spells: 8 memorised, 18 levels left

rFire  . . .     SeeInvis +     a - +1 dagger
rCold  . . .     Clarity  .     b - +1 robe
rNeg   . . .     SustAt   .     (shield restricted)
rPois  .         Gourm    .     (helmet restricted)
rElec  .         Spirit   .     (no cloak)
rCorr  .         Warding  .     (gloves unavailable)
rMut   .         NoTele   +     (boots unavailable)
MR     ++...                    (no amulet)
Stlth  ++++++++++               (no ring)
                                (no ring)

@: regenerating, wreathed by umbra, very quick, very resistant to hostile
enchantments, uncannily stealthy
A: unfitting armour, see invisible, herbivore 3, speed 3, slow metabolism 2
a: Shadow Step, Shadow Form, Renounce Religion
}: 1/10 runes: barnacled


You were in the Dungeon.
You worshipped Dithmenos.
Dithmenos was exalted by your worship.
You were full.

You visited 1 branch You collected 32 gold pieces.

Inventory:

Hand Weapons
 a - a +1 dagger (weapon)
Armour
 b - a +1 robe (worn)
Wands
 k - a wand of slowing (30)
Scrolls
 j - a scroll of blinking
 m - a scroll of holy word
 n - a scroll of amnesia {unknown}
 r - a scroll of remove curse {unknown}
Potions
 c - 2 potions of might
 g - a potion of haste
 h - a potion of magic
 i - a potion of berserk rage
 p - a potion of lignification
 q - 2 potions of flight
Comestibles
 d - a bread ration
 f - 6 fruits
 l - 24 royal jellies


   Skills:
 + Level 6.7 Fighting
 * Level 12.4 Short Blades
 + Level 6.3 Armour
 * Level 15.4 Dodging
 * Level 16.8 Stealth
 * Level 13.6 Spellcasting
 + Level 6.0 Conjurations
 + Level 10.3 Hexes
 + Level 9.8 Charms
 + Level 6.6 Necromancy
 + Level 10.2 Translocations
 + Level 6.6 Ice Magic
 - Level 2.6 Invocations


You had 18 spell levels left.
You knew the following spells:

 Your Spells              Type           Power        Failure   Level  Hunger
a - Corona                Hex            ######.      1%          1    None
b - Ensorcelled Hibernat  Hex/Ice        #####.       1%          2    None
c - Confuse               Hex            ######..     1%          3    None
d - Tukima's Dance        Hex            ######..     1%          3    None
e - Dazzling Spray        Conj/Hex       #####...     1%          3    None
f - Shroud of Golubria    Chrm/Tloc      ######....   1%          2    None
g - Spectral Weapon       Hex/Chrm       ######..     1%          3    None
h - Regeneration          Chrm/Necr      #####.....   1%          3    None


Dungeon Overview and Level Annotations

Branches:
Dungeon (1/1)

Altars:
Cheibriados
Dithmenos
Elyvilon
Fedhas
Gozag
Kikubaaqudgha
Makhleb
Nemelex Xobeh
Okawaru
Qazlal
Ru
Sif Muna
Trog
Vehumet
Xom
Yredelemnul
Zin
The Shining One
Jiyva
Lugonu

Shops:
D =!(

Annotations:
D Rupert


Innate Abilities, Weirdness & Mutations

You are tiny and cannot use many weapons and most armour.
You have supernaturally acute eyesight.
You are a herbivore.
You cover ground extremely quickly.
You need consume almost no food.


Message History

* * * LOW HITPOINT WARNING * * *
Unknown command.
Drink which item? (? for menu, Esc to quit)
Okay, then.
Unknown command.
Drink which item? (? for menu, Esc to quit)
Okay, then.
Unknown command.
Casting: Tukima's Dance
Confirm with . or Enter, or press ? or * to list all spells.
Space distorts slightly along a thin shroud covering your body.
Rupert misses you.
Drink which item? (? for menu, Esc to quit)
You feel better. Rupert barely misses you.
Casting: Shroud of Golubria
Confirm with . or Enter, or press ? or * to list all spells.
Your skin crawls.
Rupert hits you with a great sword of protection!!!
Ouch! That really hurt!
You die...

#..# #..#####....#___#_.+...#.).
▓▓▓▓▓▓▓▓▓▓▓▓▓▓▓▓▓▓▓▓▓▓▓▓▓▓▓▓▓▓▓▓
+≈≈§§≈§§≈≈♣♣.....♣♣♣♣≈≈≈....
#≈.≈§§≈§≈≈♣♣.≈≈≈≈'♣♣'♣≈≈≈≈≈≈
#≈≈≈§§§§≈≈≈'...†.#.≈♣♣♣♣♣♣♣♣
#.≈§§≈†≈.≈♣♣♣♣♣♣♣#..♣♣
#≈≈≈≈§§≈≈≈♣ ###+♣♣♣♣♣♣♣
####'#######♣ ♣♣♣♣.##..##≈
..........§§§@@♣ ♣...##.##.#≈
#+#############+ ♣♣.##.##.##+
♣..#.##...# ♣♣.##.##.)#
♣♣.##.##### ♣.....##[..
########÷## ▓≈≈≈ ▓≈≈≈


You could see Rupert (berserk).

Vanquished Creatures
  Polyphemus (D)
  Ilsuiw (D)
  Maud (D)
  A merfolk javelineer (D)
  Erolcha (D)
  2 hydras (D)
  A death drake (D)
  A sea snake (D)
  A spriggan druid (D)
  A lindwurm (D)
  A komodo dragon (D)
  2 spiny frogs (D)
  A fire drake (D)
  A deep elf priest (D)
  A queen bee (D)
  3 wandering mushrooms (D)
  5 blink frogs (D)
  2 spriggans (D)
  2 trapdoor spiders (D)
  3 redbacks (D)
  A shadow (D)
  2 hill giants (D)
  A spatial vortex (D)
  A swamp drake (D)
  A necrophage (D)
  A water elemental (D)
  2 brain worms (D)
  A scorpion (D)
  32 killer bees (D)
  An electric eel (D)
  A wizard (D)
  A jelly (D)
  Jessica (D)
  A necromancer (D)
  A kobold demonologist (D)
  3 sheep (D)
  3 humans (D)
  2 oozes (D)
  A rat (D)
  2 ballistomycetes (D)
  A giant spore (D)
92 creatures vanquished.

Vanquished Creatures (collateral kills)
  A redback (D)
  3 two-headed ogres (D)
4 creatures vanquished.

Vanquished Creatures (others)
  2 draconian scorchers (D)
  3 yaktaurs (D)
5 creatures vanquished.

Grand Total: 101 creatures vanquished

Notes
Turn   | Place    | Note
--------------------------------------------------------------
     0 | D        | Kidiri the Spriggan Enchanter began the quest for the Orb.
     0 | D        | Reached XP level 1. HP: 9/9 MP: 5/5
    11 | D        | Reached skill level 5 in Stealth
    11 | D        | Reached XP level 2. HP: 14/14 MP: 7/7
    15 | D        | Learned a level 2 spell: Ensorcelled Hibernation
    33 | D        | Noticed Jessica
    38 | D        | Killed Jessica
    38 | D        | Reached skill level 1 in Fighting
    38 | D        | Reached skill level 1 in Armour
    38 | D        | Reached skill level 6 in Stealth
    38 | D        | Reached XP level 3. HP: 18/18 MP: 9/9
    46 | D        | Learned a level 3 spell: Confuse
    50 | D        | Learned a level 3 spell: Dazzling Spray
    54 | D        | Noticed a scorpion
    57 | D        | Killed a scorpion
    57 | D        | Reached skill level 5 in Dodging
    57 | D        | Reached skill level 7 in Stealth
    57 | D        | Reached skill level 1 in Ice Magic
    57 | D        | Reached XP level 4. HP: 22/22 MP: 9/11
    61 | D        | Reached skill level 5 in Spellcasting
    66 | D        | Learned a level 3 spell: Tukima's Dance
    90 | D        | Gained mutation: You can spit weak poison. [potion of mutation]
    90 | D        | Gained mutation: You are frail (-10% HP). [potion of mutation]
    90 | D        | Gained mutation: You are weak. (Str -2) [potion of mutation]
    91 | D        | Gained mutation: You are resistant to hostile enchantments. [potion of mutation]
    91 | D        | Gained mutation: Armour fits poorly on your strangely shaped body. [potion of mutation]
    91 | D        | Gained mutation: Your magical capacity is low (-10% MP). [potion of mutation]
    92 | D        | Gained mutation: You can translocate small distances at will. [potion of mutation]
    92 | D        | Gained mutation: You are agile. (Dex +2) [potion of mutation]
    92 | D        | Gained mutation: You tend to lose your temper in combat. [potion of mutation]
    93 | D        | Lost mutation: You are frail (-10% HP). [potion of mutation]
    93 | D        | Lost mutation: You can spit weak poison. [potion of mutation]
    93 | D        | Lost strength.
    93 | D        | Gained mutation: You are very weak. (Str -4) [potion of mutation]
    95 | D        | Lost mutation: You are agile. (Dex +2) [potion of mutation]
    95 | D        | Lost mutation: Your magical capacity is low (-10% MP). [potion of mutation]
    96 | D        | Gained mutation: Your magical capacity is low (-10% MP). [potion of mutation]
    96 | D        | Gained mutation: You often lose your temper in combat. [potion of mutation]
    97 | D        | Lost mutation: You often lose your temper in combat. [potion of cure mutation]
    97 | D        | Lost mutation: You are resistant to hostile enchantments. [potion of cure mutation]
    97 | D        | Lost mutation: You are very weak. (Str -4) [potion of cure mutation]
    97 | D        | Lost mutation: Your magical capacity is low (-10% MP). [potion of cure mutation]
    97 | D        | Lost mutation: Armour fits poorly on your strangely shaped body. [potion of cure mutation]
    97 | D        | Lost mutation: You are weak. (Str -2) [potion of cure mutation]
   119 | D        | Killed a yaktaur
   176 | D        | Noticed a water elemental
   178 | D        | Killed a water elemental
   178 | D        | Reached skill level 8 in Stealth
   178 | D        | Reached skill level 1 in Conjurations
   178 | D        | Reached skill level 5 in Hexes
   178 | D        | Reached XP level 5. HP: 26/26 MP: 14/14
   188 | D        | Noticed a jelly
   189 | D        | Noticed a shadow
   191 | D        | Killed a shadow
   191 | D        | Reached skill level 5 in Short Blades
   191 | D        | Reached skill level 9 in Stealth
   191 | D        | Reached XP level 6. HP: 30/32 MP: 14/16
   201 | D        | Killed a jelly
   233 | D        | Killed a white draconian scorcher
   270 | D        | Found a stormy altar of Qazlal.
   271 | D        | Noticed a spatial vortex
   271 | D        | Found a sacrificial altar of Ru.
   271 | D        | Found a burning altar of Makhleb.
   271 | D        | Found a viscous altar of Jiyva.
   271 | D        | Found a shimmering altar of Xom.
   271 | D        | Found a shadowy altar of Dithmenos.
   271 | D        | Found a sparkling altar of Nemelex Xobeh.
   271 | D        | Found a corrupted altar of Lugonu.
   271 | D        | Found an opulent altar of Gozag.
   275 | D        | Became a worshipper of Dithmenos the Shadowed
   279 | D        | Killed a spatial vortex
   279 | D        | Reached skill level 10 in Stealth
   279 | D        | Reached skill level 1 in Invocations
   284 | D        | Killed a white draconian scorcher
   299 | D        | Found a radiant altar of Vehumet.
   300 | D        | Found a deep blue altar of Sif Muna.
   300 | D        | Found an ancient bone altar of Kikubaaqudgha.
   300 | D        | Noticed a wizard
   301 | D        | Killed a wizard
   311 | D        | Learned a level 2 spell: Shroud of Golubria
   315 | D        | Learned a level 3 spell: Spectral Weapon
   319 | D        | Learned a level 3 spell: Regeneration
   335 | D        | Found a glowing silver altar of Zin.
   336 | D        | Found a glowing golden altar of the Shining One.
   336 | D        | Found a white marble altar of Elyvilon.
   336 | D        | Noticed a deep elf priest
   338 | D        | Killed a deep elf priest
   338 | D        | Reached * piety under Dithmenos
   338 | D        | Reached skill level 1 in Necromancy
   338 | D        | Reached skill level 1 in Translocations
   338 | D        | Reached XP level 7. HP: 36/36 MP: 17/19
   342 | D        | Lost mutation: You can translocate small distances at will. [potion of cure mutation]
   342 | D        | Lost mutation: You tend to lose your temper in combat. [potion of cure mutation]
   354 | D        | Found an iron altar of Okawaru.
   355 | D        | Found a bloodstained altar of Trog.
   355 | D        | Noticed a human
   355 | D        | Noticed a human
   357 | D        | Killed a human
   357 | D        | Reached skill level 11 in Stealth
   358 | D        | Killed a human
   358 | D        | Reached skill level 10 in Dodging
   358 | D        | Reached XP level 8. HP: 40/40 MP: 19/21
   372 | D        | Found a snail-covered altar of Cheibriados.
   372 | D        | Noticed a necrophage
   373 | D        | Found a basalt altar of Yredelemnul.
   373 | D        | Found a blossoming altar of Fedhas.
   373 | D        | Noticed a necromancer
   374 | D        | Killed a necrophage
   374 | D        | Reached ** piety under Dithmenos
   375 | D        | Killed a necromancer
   392 | D        | Noticed a two-headed ogre
   392 | D        | Noticed a two-headed ogre
   399 | D        | Killed a two-headed ogre
   411 | D        | Killed a two-headed ogre
   411 | D        | Reached *** piety under Dithmenos
   526 | D        | Noticed a hill giant
   529 | D        | Killed a hill giant
   538 | D        | Noticed a hill giant
   538 | D        | Noticed Erolcha
   548 | D        | Killed a hill giant
   557 | D        | Killed Erolcha
   557 | D        | Reached skill level 12 in Stealth
   557 | D        | Reached skill level 5 in Translocations
   557 | D        | Reached XP level 9. HP: 20/45 MP: 8/23
   559 | D        | Noticed a redback
   560 | D        | Noticed a two-headed ogre
   672 | D        | Killed a two-headed ogre
   674 | D        | Killed a redback
   674 | D        | Reached **** piety under Dithmenos
   733 | D        | Noticed a trapdoor spider
   736 | D        | Noticed a trapdoor spider
   778 | D        | HP: 2/46 [poisoned by a trapdoor spider]
  1072 | D        | Killed a yaktaur
  1083 | D        | Killed a trapdoor spider
  1083 | D        | Reached skill level 5 in Charms
  1098 | D        | Killed a trapdoor spider
  1098 | D        | Reached skill level 10 in Spellcasting
  1161 | D        | Noticed a killer bee
  1161 | D        | Noticed a queen bee
  1161 | D        | Noticed a killer bee
  1162 | D        | Noticed a killer bee
  1162 | D        | Noticed a killer bee
  1162 | D        | Noticed a killer bee
  1162 | D        | Noticed a killer bee
  1162 | D        | Noticed a killer bee
  1162 | D        | Noticed a killer bee
  1162 | D        | Noticed a killer bee
  1162 | D        | Noticed a killer bee
  1162 | D        | Noticed a killer bee
  1162 | D        | Noticed a killer bee
  1162 | D        | Noticed a killer bee
  1162 | D        | Noticed a killer bee
  1162 | D        | Noticed a killer bee
  1162 | D        | Noticed a killer bee
  1162 | D        | Noticed a killer bee
  1162 | D        | Noticed a killer bee
  1162 | D        | Noticed a killer bee
  1162 | D        | Noticed a killer bee
  1162 | D        | Noticed a killer bee
  1162 | D        | Noticed a killer bee
  1162 | D        | Noticed a killer bee
  1162 | D        | Noticed a killer bee
  1162 | D        | Noticed a killer bee
  1162 | D        | Noticed a killer bee
  1162 | D        | Noticed a killer bee
  1162 | D        | Noticed a killer bee
  1162 | D        | Noticed a killer bee
  1162 | D        | Noticed a killer bee
  1162 | D        | Noticed a killer bee
  1162 | D        | Noticed a killer bee
  1163 | D        | Killed a killer bee
  1163 | D        | Reached skill level 13 in Stealth
  1166 | D        | Killed a killer bee
  1170 | D        | Killed a killer bee
  1172 | D        | Killed a killer bee
  1172 | D        | Reached ***** piety under Dithmenos
  1174 | D        | Killed a killer bee
  1177 | D        | Killed a killer bee
  1179 | D        | Killed a killer bee
  1181 | D        | Killed a killer bee
  1184 | D        | Killed a killer bee
  1188 | D        | Killed a killer bee
  1329 | D        | Killed a killer bee
  1338 | D        | Killed a killer bee
  1339 | D        | Killed a killer bee
  1343 | D        | Killed a killer bee
  1345 | D        | Killed a killer bee
  1347 | D        | Killed a killer bee
  1349 | D        | Killed a killer bee
  1349 | D        | Reached ****** piety under Dithmenos
  1351 | D        | Killed a killer bee
  1353 | D        | Killed a killer bee
  1355 | D        | Killed a killer bee
  1357 | D        | Killed a killer bee
  1497 | D        | Killed a killer bee
  1507 | D        | Killed a killer bee
  1509 | D        | Killed a killer bee
  1514 | D        | Killed a killer bee
  1517 | D        | Killed a killer bee
  1520 | D        | Killed a queen bee
  1520 | D        | Reached XP level 10. HP: 44/51 MP: 7/25
  1532 | D        | Killed a killer bee
  1540 | D        | Killed a killer bee
  1586 | D        | Killed a killer bee
  1590 | D        | Killed a killer bee
  1637 | D        | Killed a killer bee
  1706 | D        | Killed a killer bee
  1999 | D        | Noticed a wandering mushroom
  2000 | D        | Noticed a wandering mushroom
  2000 | D        | Noticed a wandering mushroom
  2001 | D        | Killed a wandering mushroom
  2001 | D        | Reached skill level 5 in Fighting
  2001 | D        | Reached skill level 10 in Short Blades
  2006 | D        | Killed a wandering mushroom
  2006 | D        | Reached skill level 5 in Ice Magic
  2177 | D        | Killed a wandering mushroom
  2288 | D        | Noticed a spiny frog
  2288 | D        | Noticed a komodo dragon
  2288 | D        | Noticed a spiny frog
  2291 | D        | Killed a spiny frog
  2293 | D        | Killed a komodo dragon
  2293 | D        | Reached skill level 14 in Stealth
  2294 | D        | Killed a spiny frog
  2294 | D        | Reached skill level 5 in Armour
  2295 | D        | Noticed a redback
  2297 | D        | Killed a redback
  2298 | D        | Noticed a brain worm
  2301 | D        | Killed a brain worm
  2304 | D        | Noticed a brain worm
  2306 | D        | Killed a brain worm
  2309 | D        | Noticed a lindwurm
  2311 | D        | Noticed a redback
  2312 | D        | Killed a lindwurm
  2314 | D        | Killed a redback
  2314 | D        | Reached skill level 5 in Necromancy
  2318 | D        | Noticed a redback
  2319 | D        | Killed a redback
  2320 | D        | Noticed Maud
  2322 | D        | Killed Maud
  2322 | D        | Reached skill level 5 in Conjurations
  2322 | D        | Reached XP level 11. HP: 53/56 MP: 26/28
  2325 | D        | Noticed an electric eel
  2326 | D        | Noticed a four-headed hydra
  2326 | D        | Noticed a six-headed hydra
  2329 | D        | Killed an electric eel
  2331 | D        | Killed a four-headed hydra
  2331 | D        | Reached skill level 15 in Stealth
  2332 | D        | Killed a six-headed hydra
  2374 | D        | Noticed a death drake
  2377 | D        | Killed a death drake
  2384 | D        | Found a blossoming altar of Fedhas.
  2384 | D        | Noticed a spriggan
  2384 | D        | Noticed a spriggan druid
  2384 | D        | Noticed a spriggan
  2386 | D        | Killed a spriggan druid
  2387 | D        | Killed a spriggan
  2388 | D        | Killed a spriggan
  2404 | D        | Noticed Polyphemus
  2405 | D        | Noticed Ilsuiw
  2410 | D        | Killed Polyphemus
  2410 | D        | Reached skill level 16 in Stealth
  2445 | D        | Killed Ilsuiw
  2445 | D        | Reached skill level 15 in Dodging
  2445 | D        | Reached skill level 10 in Hexes
  2734 | D        | Found Qiguceex's Jewellery Emporium.
  2734 | D        | Noticed a sea snake
  2735 | D        | Found Badahoa's Distillery.
  2736 | D        | Killed a sea snake
  2741 | D        | Found Hiun's Antique Weapon Shoppe.
  2742 | D        | Noticed a merfolk javelineer
  2744 | D        | Killed a merfolk javelineer
  2762 | D        | Got a barnacled rune of Zot
  2837 | D        | Noticed a swamp drake
  2837 | D        | Noticed a fire drake
  2838 | D        | Killed a fire drake
  2838 | D        | Reached skill level 10 in Translocations
  2840 | D        | Killed a swamp drake
  2845 | D        | Noticed a blink frog
  2845 | D        | Noticed a blink frog
  2845 | D        | Noticed a blink frog
  2845 | D        | Noticed a blink frog
  2847 | D        | Noticed a blink frog
  2848 | D        | Killed a blink frog
  2848 | D        | Reached XP level 12. HP: 62/62 MP: 25/30
  2852 | D        | Killed a blink frog
  2854 | D        | Killed a blink frog
  2863 | D        | Killed a blink frog
  2882 | D        | Killed a blink frog
  2936 | D        | Killed a yaktaur
  3012 | D        | Noticed Rupert
  3028 | D        | Demolished by Rupert

Vault maps used:
D:        dungeon_sprint_mu

Action                   |  1- 3 |  4- 6 |  7- 9 | 10-12 || total
-------------------------+-------+-------+-------+-------++-------
Melee: Dagger            |     5 |    10 |    76 |    60 ||   151
 Cast: Ensorcelled Hiber |       |     1 |    37 |     5 ||    43
       Tukima's Dance    |       |       |     7 |     8 ||    15
       Dazzling Spray    |       |       |     7 |    34 ||    41
       Confuse           |       |       |     4 |     4 ||     8
       Shroud of Golubri |       |       |     2 |     1 ||     3
       Spectral Weapon   |       |       |     1 |       ||     1
       Regeneration      |       |       |       |     1 ||     1
Invok: Shadow Step       |       |       |     1 |    10 ||    11
Evoke: Wand              |       |       |       |     1 ||     1
  Use: Potion            |       |     7 |     1 |     4 ||    12
       Scroll            |       |     3 |       |       ||     3
 Stab: Sleeping          |     5 |     8 |    30 |    28 ||    71
       Invisible         |       |       |     6 |     2 ||     8
       Confused          |       |       |     2 |       ||     2
  Eat: Bread ration      |       |       |       |     1 ||     1
